 Dungeon Crawl Stone Soup version 0.30-a0-359-gd0147acb1a (webtiles) character file.

Game seed: 268679354900234497

4770 Manisia the Slicer (level 10, -9/49 HPs)
             Began as a Spriggan Enchanter on Nov 11, 2022.
             Was a Believer of Dithmenos.
             Mangled by an eight-headed hydra (13 damage)
             ... on level 9 of the Dungeon.
             The game lasted 00:15:43 (8919 turns).

Manisia the Slicer (Spriggan Enchanter)             Turns: 8919, Time: 00:15:43

Health: -9/49      AC: 10    Str:  7    XL:     10   Next: 23%
Magic:  18/20      EV: 21    Int: 20    God:    Dithmenos [**....]
Gold:   504        SH:  0    Dex: 23    Spells: 14/22 levels left

rFire   . . .      SeeInvis +    g - +6 dagger (protect)
rCold   . . .      Faith    .    (no shield)
rNeg    . . .      Spirit   .    C - +1 robe of Vexation {Rampage Str+3}
rPois   .          Reflect  .    (helmet restricted)
rElec   .          Harm     .    d - scarf {repulsion}
rCorr   .          Rampage  +    (gloves unavailable)
Will    ++...                    (boots unavailable)
Stlth   ++++++....               h - amulet of the acrobat
HPRegen 0.28/turn                D - +6 ring of dexterity
MPRegen 0.17/turn                u - ring of willpower

@: under a protective aura, wreathed by umbra, repel missiles, very quick
A: very small, no large weapons, unfitting armour, see invisible, speed 3
a: Renounce Religion, Shadow Step


You were on level 9 of the Dungeon.
You worshipped Dithmenos.
Dithmenos was pleased with you.
You visited 2 branches of the dungeon, and saw 10 of its levels.

You collected 504 gold pieces.

Inventory:

Hand Weapons
 g - a +6 dagger of protection (weapon)
 r - a +2 dagger of venom
 y - a +0 dagger of draining
 G - a +4 dagger
Missiles
 f - 11 poisoned darts
 t - 4 curare-tipped darts
Armour
 b - a +0 robe
 d - a scarf of repulsion (worn)
 C - the +1 robe of Vexation (worn) {Rampage Str+3}
   (You found it on level 5 of the Dungeon)

   Str:       It affects your strength (+3).
   Rampage:   It bestows one free step when moving towards enemies.
Jewellery
 h - an amulet of the acrobat (around neck)
 k - a ring of protection from cold
 u - a ring of willpower (right hand)
 D - a +6 ring of dexterity (left hand)
Wands
 w - a wand of quicksilver (5)
 x - a wand of paralysis (18)
 H - a wand of mindburst (4)
Scrolls
 i - 6 scrolls of magic mapping
 j - 6 scrolls of teleportation
 F - 3 scrolls of fear
Potions
 a - a potion of ambrosia {unknown}
 c - a potion of invisibility
 e - 2 potions of mutation
 l - a potion of cancellation {unknown}
 m - 2 potions of flight
 n - 4 potions of attraction
 o - a potion of resistance {unknown}
 p - 2 potions of curing {unknown}
 q - 2 potions of degeneration {unknown}
 s - a potion of berserk rage {unknown}
 v - 2 potions of heal wounds
 z - 2 potions of brilliance
 A - a potion of might {unknown}
 B - 3 potions of haste


   Skills:
 + Level 3.5 Fighting
 - Level 10.0 Short Blades
 - Level 0.1(4.6) Long Blades
 - Level 0.1(0.3) Axes
 - Level 0.1(0.3) Maces & Flails
 - Level 0.1(0.3) Polearms
 - Level 0.3(0.5) Staves
 - Level 0.5 Ranged Weapons
 + Level 0.2 Throwing
 - Level 0.1 Armour
 + Level 4.8 Dodging
 + Level 8.6 Stealth
 - Level 0.1 Shields
 - Level 0.2 Unarmed Combat
 + Level 6.5 Spellcasting
 + Level 3.2 Conjurations
 + Level 6.3 Hexes
 + Level 0.3 Summonings
 + Level 0.4 Necromancy
 + Level 0.9 Translocations
 + Level 1.4 Transmutations
 + Level 0.6 Fire Magic
 + Level 2.7 Ice Magic
 + Level 0.2 Air Magic
 + Level 0.4 Earth Magic
 + Level 0.2 Poison Magic
 + Level 0.2 Invocations
 + Level 0.5 Evocations


You had 14 spell levels left.
You knew the following spells:

 Your Spells              Type           Power      Damage    Failure   Level
a - Ensorcelled Hibernat  Hex/Ice        48%        N/A       2%          2
b - Confusing Touch       Hex            31%        N/A       2%          3
c - Dazzling Flash        Conj/Hex       50%        N/A       4%          3

Your spell library contained the following spells:

 Spells                   Type           Power      Damage    Failure   Level
 Tukima's Dance           Hex            31%        N/A       2%          3


Dungeon Overview and Level Annotations

Branches:
Dungeon (9/15)             Temple (1/1) D:5
   Lair: D:8-11         Orc: D:9-12

Altars:
Ashenzari
Cheibriados
Dithmenos
Elyvilon
Fedhas
Gozag
Hepliaklqana
Makhleb
Nemelex Xobeh
Okawaru
Qazlal
Ru
Trog
Uskayaw
Wu Jian
Yredelemnul
Zin
The Shining One

Annotations:
D:6 2 runed translucent doors


Innate Abilities, Weirdness & Mutations

You are very small and have problems with some larger weapons.
You are too small for most types of armour.
You have supernaturally acute eyesight. (SInv)
You cover ground extremely quickly. (Speed+++)


Message History

A vampire is nearby!
A vampire is nearby!
An eight-headed hydra and a kobold demonologist come into view.
A white ugly thing comes into view.
The eight-headed hydra roars!
The vampire gestures wildly while chanting.
The vampire flickers and vanishes for a moment.
There is a stone staircase leading up here.
The vampire barely misses you. The vampire bites you.
The vampire draws strength from your injuries!
You climb upwards.
There is a stone staircase leading down here.
Casting: Ensorcelled Hibernation (safe; 2% risk of failure)
Confirm with . or Enter, or press ? or * to list all spells.
Your hands begin to glow red.
The vampire barely misses you. The vampire misses you.
You hit the vampire but do no damage.
The vampire appears confused.
You hit the vampire.
Your weapon exudes an aura of protection.
The vampire is lightly damaged.
The vampire misses you. The vampire completely misses you.
You hit the vampire.
The vampire is moderately damaged.
You catch the helpless vampire completely off-guard!
You stick the vampire like a pincushion!!!
You destroy the vampire!
Dithmenos accepts your kill.
No target in view!
No target in view!
You climb downwards.
The eight-headed hydra bites you.
The eight-headed hydra closely misses you.
The eight-headed hydra bites you! x2
The eight-headed hydra bites you but does no damage.
The eight-headed hydra misses you. The eight-headed hydra bites you!
The eight-headed hydra bites you.
* * * LOW HITPOINT WARNING * * *
The eight-headed hydra bites you.
* * * LOW HITPOINT WARNING * * *
The eight-headed hydra bites you!
You die...

###############
#K...........@#
#...........D.#
..####.####..#
#.......#..#
#.......#..#
#..?$!..#..#
#..$|$..#..#
#..$$(..#..#
#.......#


You could see an eight-headed hydra.

Vanquished Creatures
  Joseph (D:7)
  A vampire (D:8)
  6 yaks (D:8)
  A wyvern (D:7)
  2 steam dragons (D:8)
  2 acid dragons (D:8)
  2 orc warriors
  A black bear (D:7)
  An ogre (D:6)
  3 phantoms
  2 kobold brigands
  Blork the orc (D:5)
  3 scorpions
  15 wights
  8 killer bees
  3 howler monkeys (D:8)
  6 hounds
  2 jellies (D:4)
  A gnoll bouda (D:7)
  Ijyb (D:5)
  3 iguanas
  5 adders
  6 gnolls
  A white imp (D:6)
  3 ufetubi
  A worm (D:2)
  3 dart slugs
  22 orcs
  13 ball pythons
  3 bats
  10 endoplasms
  2 giant cockroaches
  10 hobgoblins
  6 jackals
  4 quokkas
  3 frilled lizards
  13 goblins
  12 kobolds
  7 rats
189 creatures vanquished.

Vanquished Creatures (others)
  A killer bee (D:7)
  An orc (D:8)
2 creatures vanquished.

Grand Total: 191 creatures vanquished

Notes
Turn   | Place    | Note
-------+----------+-------------------------------------------
     0 | D:1      | Manisia the Spriggan Enchanter began the quest for the Orb.
     0 | D:1      | Reached XP level 1. HP: 9/9 MP: 5/5
   139 | D:1      | Reached XP level 2. HP: 13/13 MP: 6/6
   142 | D:1      | Learned a level 2 spell: Ensorcelled Hibernation
   596 | D:1      | Reached XP level 3. HP: 16/16 MP: 8/8
   600 | D:1      | Learned a level 3 spell: Confusing Touch
   642 | D:1      | Reached skill level 5 in Stealth
   654 | D:1      | Found a faded altar of an unknown god.
   948 | D:2      | Found an opulent altar of Gozag.
  1008 | D:2      | Learned a level 3 spell: Dazzling Flash
  1197 | D:2      | Reached skill level 2 in Short Blades
  1682 | D:3      | Found a burning altar of Makhleb.
  1832 | D:3      | Found an opulent altar of Gozag.
  1847 | D:3      | Reached XP level 4. HP: 21/21 MP: 7/9
  1898 | D:3      | Reached skill level 3 in Short Blades
  1902 | D:3      | Reached skill level 1 in Ice Magic
  2518 | D:3      | Reached XP level 5. HP: 6/25 MP: 4/11
  2730 | D:4      | Reached skill level 4 in Short Blades
  2789 | D:4      | Reached XP level 6. HP: 29/29 MP: 9/12
  3768 | D:5      | Entered Level 5 of the Dungeon
  3965 | D:5      | Reached skill level 1 in Fighting
  4043 | D:5      | Reached skill level 5 in Hexes
  4043 | D:5      | Reached XP level 7. HP: 33/33 MP: 9/14
  4107 | D:5      | Found an iron altar of Okawaru.
  4122 | D:5      | Noticed Ijyb
  4129 | D:5      | Killed Ijyb
  4318 | D:5      | Reached skill level 5 in Short Blades
  4328 | D:5      | Found a staircase to the Ecumenical Temple.
  4521 | D:5      | Found a sparkling altar of Nemelex Xobeh.
  4573 | D:5      | Identified the +1 robe of Vexation {Rampage Str+3}
  4639 | D:5      | Identified the +2 dagger "Solliy" {vamp, MP-9 Int+6}
  4716 | D:5      | Noticed Blork the orc
  4722 | D:5      | Killed Blork the orc
  4723 | D:5      | Reached skill level 5 in Spellcasting
  4839 | D:5      | Found a basalt altar of Yredelemnul.
  5042 | Temple   | Entered the Ecumenical Temple
  5089 | Temple   | Became a worshipper of Dithmenos the Shadowed
  5135 | D:6      | Reached skill level 6 in Short Blades
  5257 | D:6      | Found a runed translucent door.
  5258 | D:6      | Noticed a vampire mosquito
  5259 | D:6      | Found a runed translucent door.
  5259 | D:6      | Noticed a vampire mosquito
  5474 | D:6      | Reached skill level 1 in Conjurations
  5537 | D:6      | Reached XP level 8. HP: 39/39 MP: 13/16
  5559 | D:6      | Found a blossoming altar of Fedhas.
  5596 | D:6      | Reached skill level 7 in Short Blades
  5717 | D:6      | Found a glowing silver altar of Zin.
  6320 | D:7      | Found a glowing golden altar of the Shining One.
  6334 | D:7      | Reached skill level 8 in Short Blades
  6403 | D:7      | Reached * piety under Dithmenos
  6489 | D:7      | Found a broken altar of Ashenzari.
  6505 | D:7      | Noticed Joseph
  6513 | D:7      | Killed Joseph
  6514 | D:7      | Reached skill level 9 in Short Blades
  6565 | D:7      | Reached XP level 9. HP: 40/44 MP: 8/17
  6583 | D:7      | Reached skill level 10 in Short Blades
  6898 | D:7      | Reached skill level 1 in Transmutations
  7491 | D:8      | Reached ** piety under Dithmenos
  7914 | D:8      | Reached XP level 10. HP: 49/49 MP: 14/19
  8060 | D:8      | Found a hide-covered altar of Uskayaw.
  8609 | D:8      | Found a sacrificial altar of Ru.
  8898 | D:9      | Noticed an eight-headed hydra
  8899 | D:9      | Noticed a white ugly thing
  8919 | D:9      | Mangled by an eight-headed hydra

Illustrated notes

Levels and vault maps discovered:
D:1:      tarquinn_simple_flora_water_a, layout_basic, basic_ecumenical_altar,
          minmay_pentomino_p2
D:2:      layout_rooms, basic_altar
D:3:      layout_loops_ring, mainiacjoe_overflow_surrounded_room,
          mainiacjoe_overflow_brackets, minmay_crystal_room
D:4:      layout_basic
D:5:      layout_layer_cave, mainiacjoe_overflow_small_starburst,
          mainiacjoe_overflow_chevrons, nemelex_spade_bored_becter,
          item_on_display_a, uniq_ijyb, uniq_blork_the_orc
D:6:      lemuel_insect_pit, layout_loops_ring,
          mainiacjoe_overflow_tiny_flanked, lemuel_doored_altar
D:7:      layout_basic, mainiacjoe_overflow_boulevard, evilmike_ruin_ashenzari,
          interstate_on_off, minmay_misc_feat_columns, st_stairs_3, uniq_joseph
D:8:      layout_basic, nicolae_overflow_hidden_temple,
          nicolae_ru_the_path_less_chosen
D:9:      cheibrodos_elevator_heist, layout_basic, mainiacjoe_overflow_catwalk,
          orc_david_3, serial_rivers, chequers_serial_rivers_large_a,
          chequers_serial_rivers_room_a, chequers_serial_rivers_room_b,
          chequers_serial_rivers_small_b
Temple:   nicolae_temple_ecumenical_triangle

Skill      XL: |  1  2  3  4  5  6  7  8  9 10 |
---------------+-------------------------------+-----
Spellcasting   | 3 4 5 6 |  6.5
Hexes          | 4 5 6 |  6.3
Dodging        | 3 4 |  4.8
Stealth        | 5 7 8 |  8.6
Short Blades   | 2 3 4 6 9 10 | 10.0
Ice Magic      | 1 2 |  2.7
Fighting       | 1 3 |  3.5
Conjurations   | 1 3 |  3.2
Transmutations | 1 |  1.4
Long Blades    | |  0.1
Axes           | |  0.1
Maces & Flails | |  0.1
Polearms       | |  0.1
Staves         | |  0.3
Ranged Weapons | |  0.5
Throwing       | |  0.2
Armour         | |  0.1
Shields        | |  0.1
Unarmed Combat | |  0.2
Summonings     | |  0.3
Necromancy     | |  0.4
Translocations | |  0.9
Fire Magic     | |  0.6
Air Magic      | |  0.2
Earth Magic    | |  0.4
Poison Magic   | |  0.2
Invocations    | |  0.2
Evocations     | |  0.5

Action                   |  1- 3 |  4- 6 |  7- 9 | 10-12 || total
-------------------------+-------+-------+-------+-------++-------
Melee: Dagger            |   115 |   112 |   250 |    31 ||   508
       Punch             |     1 |       |     3 |       ||     4
 Cast: Ensorcelled Hiber |    24 |    15 |    43 |    13 ||    95
       Dazzling Flash    |     1 |     4 |     5 |       ||    10
       Confusing Touch   |       |     2 |    14 |     3 ||    19
  Use: Scroll            |     8 |     6 |     3 |     2 ||    19
       Potion            |       |     1 |       |       ||     1
 Stab: Sleeping          |    27 |    22 |    34 |     7 ||    90
       Invisible         |       |     3 |     4 |       ||     7
       Confused          |       |     2 |    12 |     3 ||    17
       Distracted        |       |       |     1 |     1 ||     2
Armor: Robe              |    11 |    20 |    21 |     1 ||    53
Dodge: Dodged            |    82 |   105 |   149 |    18 ||   354
       Repelled          |       |       |       |     1 ||     1

Table legend: (Time is in decaauts)
 A = Elapsed time spent in this place.
 B = Non-inter-level travel time spent in this place.
 C = Inter-level travel time spent in this place.
 D = Time resting spent in this place.
 E = Time spent auto-exploring this place.
 F = Levels seen in this place.
 G = Mean time per level.
                   A        B        C        D        E       F      G
               +--------+--------+--------+--------+--------+-----+--------+
         Total |   6484 |   6255 |    229 |    121 |   5069 |  10 |  648.4 |
       Dungeon |   6449 |   6233 |    216 |    121 |   5051 |   9 |  716.6 |
        Temple |     35 |     22 |     13 |      0 |     18 |   1 |   35.0 |
               +--------+--------+--------+--------+--------+-----+--------+

Top non-repeatable levels by time:
     D:8: 1111 daAuts
     D:7: 1003 daAuts
     D:5: 847 daAuts
     D:4: 835 daAuts
     D:1: 713 daAuts
     D:3: 691 daAuts
     D:6: 688 daAuts
     D:2: 544 daAuts
  Temple: 35 daAuts
     D:9: 13 daAuts
